[Event "Titled Tuesday Blitz February 28 Early 2023"]
[White "Starozhilov, Leonid"]
[Black "Kamsky, Gata"]
[WhiteFideId "14106752"]
[BlackFideId "2000024"]
[WhiteElo "2414"]
[BlackElo "2666"]
[Result "1/2-1/2"]
[Round "04"]
[TimeControl "180+2"]
[Date "2023.02.28"]
[WhiteClock "0:00:14"]
[BlackClock "0:00:36"]

1. e4 e5 2. Nf3 Nc6 3. Bb5 a6 4. Ba4 Nf6 5. d3 d6 6. h3 Bd7 7. c3 g6 8. O-O Bg7 9. Re1 O-O 10. Bg5 Qe8 11. Bxf6 Bxf6 12. Nbd2 Bg7 13. Bxc6 Bxc6 14. d4 b6 15. Qc2 Bb7 16. Rad1 Rd8 17. dxe5 dxe5 18. Nc4 Qe6 19. b3 f6 20. Rxd8 Rxd8 21. Rd1 Rd7 22. Rxd7 Qxd7 23. Ne3 Bf8 24. Qd2 Qxd2 25. Nxd2 Kf7 26. Kf1 Ke6 27. g4 h5 28. Ke2 Bh6 29. f3 Bg5 30. gxh5 gxh5 31. Nf5 Kf7 32. h4 Bf4 33. Nc4 Bc6 34. Nce3 Bxe3 35. Kxe3 Bd7 36. Ng3 Kg6 37. a3 Be6 38. b4 Bc4 39. f4 Bb5 40. Nf5 Kf7 41. Ng3 Kg6 42. Nf5 Kf7 43. Ng3 Kg6 1/2-1/2


[Site "https://www.chess.com"]

[Event "Titled Tuesday Blitz February 28 Early 2023"]
[White "Grigoriants, Sergey"]
[Black "Volkov, Maksim"]
[WhiteFideId "4130804"]
[BlackFideId "54123070"]
[WhiteElo "2502"]
[BlackElo "2328"]
[Result "1-0"]
[Round "04"]
[TimeControl "180+2"]
[Date "2023.02.28"]
[WhiteClock "0:00:33"]
[BlackClock "0:00:03"]

1. d4 d5 2. c4 e6 3. Nc3 c6 4. e3 Nf6 5. Nf3 Nbd7 6. Qc2 Bd6 7. Bd3 dxc4 8. Bxc4 b5 9. Be2 Bb7 10. O-O O-O 11. Rd1 Qc7 12. e4 e5 13. g3 Rfe8 14. dxe5 Nxe5 15. Nd4 a6 16. Nf5 Bf8 17. Bg5 Nfd7 18. Rac1 c5 19. Nd5 Bxd5 20. exd5 Bd6 21. Qc3 Rac8 22. b3 f6 23. Bf4 g6 24. Nxd6 Qxd6 25. Bg4 f5 26. Bh3 c4 27. Bg2 Nf6 28. Re1 Nfd7 29. bxc4 Rxc4 30. Qb2 Kf7 31. Qb3 Rec8 32. Rxc4 Rxc4 33. Qe3 Kf6 34. h4 Rc8 35. Qd4 Rc4 36. Qa7 Rc7 37. Qa8 Kg7 38. Qe8 Qb4 39. Rxe5 Nxe5 40. Bxe5+ 1-0


[Site "https://www.chess.com"]

[Event "Titled Tuesday Blitz February 28 Early 2023"]
[White "benny_aizenberg"]
[Black "Indjic, Aleksandar"]
[BlackFideId "911925"]
[WhiteElo "2583"]
[BlackElo "2625"]
[Result "0-1"]
[Round "04"]
[TimeControl "180+2"]
[Date "2023.02.28"]
[WhiteClock "0:00:01"]
[BlackClock "0:01:28"]

1. e4 c5 2. Nf3 d6 3. Bb5+ Nd7 4. O-O a6 5. Bd3 e6 6. c3 b5 7. Bc2 c4 8. a4 Bb7 9. axb5 axb5 10. Rxa8 Bxa8 11. Na3 Ngf6 12. Re1 Nc5 13. d4 Ncxe4 14. Nxb5 Be7 15. Na3 d5 16. Ba4+ Kf8 17. Nb1 Bd6 18. Nbd2 Nxd2 19. Bxd2 Ne4 20. Be3 f6 21. Nd2 Qc7 22. Qh5 g6 23. Qh4 Kf7 24. Nxe4 dxe4 25. Bc2 h5 26. Ra1 Bd5 27. g4 g5 28. Qh3 Kg7 29. gxh5 Bf4 30. Kh1 f5 31. Rg1 Kf6 32. h6 Kg6 33. Qh4 Bxe3 34. fxe3 Qe7 35. Bd1 Rxh6 36. Qf4 Qf6 37. Rg2 Rh3 38. Kg1 Kh6 39. Qb8 Rxe3 40. Kf2 Rd3 41. Be2 e3+ 42. Ke1 Bxg2 43. Bxd3 cxd3 44. Qg3 d2+ 45. Ke2 f4 0-1


[Site "https://www.chess.com"]

[Event "Titled Tuesday Blitz February 28 Early 2023"]
[White "Sasikiran, Krishnan"]
[Black "Karttunen, Mika"]
[WhiteFideId "5004985"]
[BlackFideId "502081"]
[WhiteElo "2567"]
[BlackElo "2396"]
[Result "1-0"]
[Round "04"]
[TimeControl "180+2"]
[Date "2023.02.28"]
[WhiteClock "0:00:31"]
[BlackClock "0:00:03"]

1. d4 Nf6 2. c4 e6 3. Nc3 d5 4. cxd5 exd5 5. Bg5 Bb4 6. e3 h6 7. Bh4 g5 8. Bg3 Ne4 9. Rc1 h5 10. f3 Nxg3 11. hxg3 c6 12. Bd3 Qe7 13. Kf2 Be6 14. g4 h4 15. f4 gxf4 16. exf4 Qf6 17. f5 Qxd4+ 18. Kf1 Bd7 19. Qe2+ Kf8 20. Nf3 Qxg4 21. Qe5 Rg8 22. Nxh4 Qg5 23. Re1 Na6 24. Bxa6 Re8 25. Qd4 Rxe1+ 26. Kxe1 c5 27. Qxd5 Qc1+ 28. Qd1 Bxc3+ 29. bxc3 Qxc3+ 30. Kf1 bxa6 31. Qxd7 Qc1+ 32. Kf2 Qxh1 33. Qd8+ Kg7 34. Qg5+ Kf8 35. Qd8+ Kg7 36. Qg5+ Kf8 37. Qh6+ Ke7 38. Ng6+ Rxg6 39. Qxh1 Rd6 40. Qh4+ Kd7 41. Qc4 Kc6 42. Qxf7 1-0


[Site "https://www.chess.com"]

[Event "Titled Tuesday Blitz February 28 Early 2023"]
[White "Moroni, Luca Jr"]
[Black "Postma, Dinant"]
[WhiteFideId "865834"]
[BlackFideId "1018612"]
[WhiteElo "2569"]
[BlackElo "2579"]
[Result "0-1"]
[Round "04"]
[TimeControl "180+2"]
[Date "2023.02.28"]
[WhiteClock "0:00:01"]
[BlackClock "0:00:06"]

1. d4 d5 2. Bf4 c5 3. e3 Nc6 4. Nf3 Nf6 5. Nbd2 e6 6. c3 Nh5 7. Bg5 f6 8. Bh4 g6 9. Bb5 Bg7 10. dxc5 O-O 11. Nd4 Bd7 12. Bxc6 bxc6 13. g4 e5 14. gxh5 exd4 15. cxd4 Bf5 16. hxg6 hxg6 17. Bg3 Qa5 18. Qb3 Rae8 19. h4 Bh6 20. h5 g5 21. O-O-O Rf7 22. Bd6 g4 23. Nf1 Qa6 24. Ng3 Bh7 25. a3 Rb7 26. Qc3 Qa4 27. b4 Bxe3+ 28. fxe3 Rxe3 29. Qb2 Rxa3 30. Rde1 Ra1+ 31. Kd2 Ra2 32. Re8+ Kf7 33. Rf8+ Kg7 34. h6+ Kg6 35. Qxa2 Qxa2+ 36. Ke3 Rxb4 37. Ne2 Rb3+ 38. Kf2 Rf3+ 39. Ke1 Re3 40. Rh2 Qb1+ 41. Kf2 Rf3+ 42. Kg2 Qf1# 0-1


[Site "https://www.chess.com"]

[Event "Titled Tuesday Blitz February 28 Early 2023"]
[White "Amin, Bassem"]
[Black "Ingebretsen, Jens E"]
[WhiteFideId "10601457"]
[BlackFideId "1522965"]
[WhiteElo "2690"]
[BlackElo "2213"]
[Result "1-0"]
[Round "04"]
[TimeControl "180+2"]
[Date "2023.02.28"]
[WhiteClock "0:00:05"]
[BlackClock "0:00:02"]

1. e4 e6 2. d3 d5 3. Nd2 Nc6 4. Ngf3 e5 5. c3 Nf6 6. b4 a6 7. Bb2 Be7 8. g3 Bg4 9. h3 Bh5 10. Bg2 dxe4 11. Nxe4 Nxe4 12. dxe4 O-O 13. O-O Qxd1 14. Rfxd1 Rfd8 15. a4 Rxd1+ 16. Rxd1 Rd8 17. Rxd8+ Bxd8 18. b5 axb5 19. axb5 Na7 20. g4 Bg6 21. Nxe5 Nxb5 22. f4 f6 23. Nxg6 hxg6 24. c4 Na7 25. e5 c6 26. e6 f5 27. Bf1 b5 28. Bd3 bxc4 29. Bxc4 Be7 30. Bd3 c5 31. gxf5 gxf5 32. Bxf5 c4 33. Kf2 Nb5 34. Be5 Nd6 35. Bg6 Kf8 36. Ke3 Nb5 37. Ke4 c3 38. Kd3 Bf6 39. Bxf6 gxf6 40. h4 Nc7 41. f5 Nd5 42. h5 Kg7 43. Be8 Kh6 44. Bg6 Kg5 45. Kc2 Kh6 46. Kd3 Kg5 47. Be8 Kh6 48. Bf7 Kg5 49. Bg6 Kh6 50. Kc2 Kg5 51. Kb3 Kh6 52. Be8 Kg5 53. Bc6 Ne7 54. Be4 Kxh5 55. Kxc3 Kh6 56. Kd4 Kg7 57. Kc5 Kf8 58. Kd6 Nc8+ 59. Kd7 Nb6+ 60. Kd8 Nd7 61. Kxd7 Kg7 62. e7 1-0


[Site "https://www.chess.com"]

[Event "Titled Tuesday Blitz February 28 Early 2023"]
[White "Bews, Steven"]
[Black "Neiksans, Arturs"]
[WhiteFideId "2400529"]
[BlackFideId "11601388"]
[WhiteElo "2560"]
[BlackElo "2497"]
[Result "1-0"]
[Round "04"]
[TimeControl "180+2"]
[Date "2023.02.28"]
[WhiteClock "0:00:21"]
[BlackClock "0:00:11"]

1. e4 c5 2. Nf3 e6 3. d4 cxd4 4. Nxd4 a6 5. Bd3 Nf6 6. O-O e5 7. Nf3 Nc6 8. c4 Bc5 9. Nc3 d6 10. h3 h6 11. Be3 Bxe3 12. fxe3 Be6 13. Qd2 O-O 14. Rad1 Rc8 15. Be2 Qb6 16. b3 Rfd8 17. Kh2 Qc5 18. g4 Ne7 19. g5 hxg5 20. Nxg5 b5 21. Nd5 Nexd5 22. exd5 Bd7 23. Bd3 bxc4 24. bxc4 Kf8 25. Qf2 Be8 26. Qh4 Ke7 27. Ne4 Qxe3 28. Nxf6 gxf6 29. Qxf6+ Kd7 30. Bf5+ Kc7 31. c5 Bb5 32. Bxc8 Bxf1 33. Rxf1 Kxc8 34. cxd6 Rg8 35. d7+ Kb7 36. Qc6+ Ka7 37. Qc7+ Ka8 38. d8=Q+ 1-0


[Site "https://www.chess.com"]

[Event "Titled Tuesday Blitz February 28 Early 2023"]
[White "Movahed, Sina"]
[Black "Taboas Rodriguez, Daniel"]
[WhiteFideId "42520835"]
[BlackFideId "2208466"]
[WhiteElo "2225"]
[BlackElo "2365"]
[Result "1-0"]
[Round "04"]
[TimeControl "180+2"]
[Date "2023.02.28"]
[WhiteClock "0:01:13"]
[BlackClock "0:00:14"]

1. e4 e5 2. Nf3 Nc6 3. Bb5 Nf6 4. O-O Nxe4 5. Re1 Nd6 6. Nxe5 Be7 7. Bd3 O-O 8. Nc3 Nxe5 9. Rxe5 Bf6 10. Re3 g6 11. Nd5 Bg7 12. c3 c6 13. Nf4 Re8 14. Bc2 Nc4 15. Rxe8+ Qxe8 16. d3 Ne5 17. d4 Nc4 18. d5 Qf8 19. Bb3 Nb6 20. Be3 d6 21. a4 c5 22. a5 Nd7 23. Ne6 Qe7 24. Nxg7 Kxg7 25. Qd2 Ne5 26. Re1 Bd7 27. f4 Ng4 28. Bd4+ cxd4 29. Rxe7 1-0


[Site "https://www.chess.com"]

[Event "Titled Tuesday Blitz February 28 Early 2023"]
[White "Nugumanov, Bakhtiyar"]
[Black "Talibov, Shiroghlan"]
[WhiteFideId "13701797"]
[BlackFideId "13429078"]
[WhiteElo "2209"]
[BlackElo "2218"]
[Result "0-1"]
[Round "04"]
[TimeControl "180+2"]
[Date "2023.02.28"]
[WhiteClock "0:00:03"]
[BlackClock "0:00:06"]

1. e4 c5 2. Nf3 e6 3. d4 cxd4 4. Nxd4 Nf6 5. Nc3 Nc6 6. Ndb5 d6 7. Bf4 e5 8. Bg5 a6 9. Na3 b5 10. Nd5 Be7 11. Bxf6 Bxf6 12. c3 Bg5 13. Nc2 Rb8 14. a4 bxa4 15. Ncb4 Bd7 16. Bxa6 O-O 17. O-O Nxb4 18. cxb4 Bc6 19. Rxa4 Bxa4 20. Qxa4 Qe8 21. b5 Bd8 22. Qb4 Qd7 23. Qc4 Bb6 24. Qc6 Qd8 25. Bb7 Bd4 26. b6 Kh8 27. g3 f5 28. exf5 Rxf5 29. Ba6 Bxb6 30. Bd3 Rf7 31. Qc4 Bd4 32. b4 Rf8 33. b5 Qg5 34. Kg2 Qd2 35. Be2 Rfc8 36. Qd3 Qxd3 37. Bxd3 Rc5 38. Ne7 Rc3 39. Rd1 Rf8 40. f3 g6 41. Nc6 Bc5 42. Be4 Ra3 43. Ne7 Rb3 44. Bc6 Rb2+ 45. Kh3 Kg7 46. Ra1 Rf7 47. Nc8 Rc7 48. Ra8 Kh6 49. Rb8 Rxc6 50. Ne7 Rc7 51. Nd5 Rf7 52. Kg4 Kg7 53. h4 h5+ 54. Kh3 Bg1 0-1


[Site "https://www.chess.com"]

[Event "Titled Tuesday Blitz February 28 Early 2023"]
[White "Andreikin, Dmitry"]
[Black "Arabidze, Meri"]
[WhiteFideId "4158814"]
[BlackFideId "13604040"]
[WhiteElo "2736"]
[BlackElo "2405"]
[Result "1-0"]
[Round "04"]
[TimeControl "180+2"]
[Date "2023.02.28"]
[WhiteClock "0:00:21"]
[BlackClock "0:00:05"]

1. Nf3 c5 2. c4 b6 3. Nc3 Bb7 4. g3 g6 5. Bg2 Bg7 6. O-O d6 7. b3 Nf6 8. Bb2 O-O 9. d4 a6 10. d5 b5 11. Qc2 b4 12. Nd1 a5 13. a4 e5 14. dxe6 fxe6 15. Ne3 Qe7 16. Rad1 Nc6 17. h4 Rad8 18. Ng5 Nh5 19. Nxe6 Nd4 20. Bxd4 Bxg2 21. Bxg7 Bxf1 22. Nxf8 Nxg7 23. Nxg6 hxg6 24. Rxf1 Kh7 25. Rd1 Rf8 26. Rd5 Qf6 27. f3 Nf5 28. Nxf5 gxf5 29. Kf2 Kg7 30. Qd2 Rd8 31. Qg5+ Qxg5 32. hxg5 Kg6 33. f4 Kh5 34. Kf3 Rd7 35. Rxf5 d5 36. Rf6 1-0


[Site "https://www.chess.com"]

[Event "Titled Tuesday Blitz February 28 Early 2023"]
[White "Fedoseev, Vladimir"]
[Black "Shapiro, Viktor"]
[WhiteFideId "24130737"]
[BlackFideId "4175700"]
[WhiteElo "2752"]
[BlackElo "2132"]
[Result "1-0"]
[Round "04"]
[TimeControl "180+2"]
[Date "2023.02.28"]
[WhiteClock "0:00:24"]
[BlackClock "0:00:05"]

1. e4 Nf6 2. e5 Nd5 3. d4 d6 4. c4 Nb6 5. f4 g6 6. Nc3 Bg7 7. Nf3 Bg4 8. Be2 O-O 9. O-O dxe5 10. fxe5 c5 11. dxc5 N6d7 12. Be3 Nc6 13. Qb3 Bxf3 14. Bxf3 Ndxe5 15. Rad1 Qa5 16. Be2 e6 17. Ne4 h6 18. Nd6 Rab8 19. a3 f5 20. Qc2 b6 21. cxb6 axb6 22. Nb5 Rfd8 23. b4 Qa6 24. Qb3 Kh7 25. h3 Qb7 26. c5 bxc5 27. Bxc5 Nd7 28. Bf2 Nf8 29. a4 e5 30. Bc4 Nd4 31. Nxd4 exd4 32. b5 Nd7 33. a5 Nc5 34. Qb4 Ne4 35. b6 Nxf2 36. Rxf2 h5 37. Bd3 Kh6 38. Rc2 Rdc8 39. a6 Qd7 40. Rxc8 Qxc8 41. a7 Rb7 42. Ba6 Qc2 43. Qd2+ Qxd2 44. Rxd2 Rxb6 45. a8=Q 1-0


[Site "https://www.chess.com"]

[Event "Titled Tuesday Blitz February 28 Early 2023"]
[White "Daneshvar, Bardiya"]
[Black "Derix, Bernhard"]
[WhiteFideId "12576468"]
[BlackFideId "4642368"]
[WhiteElo "2482"]
[BlackElo "2604"]
[Result "1-0"]
[Round "04"]
[TimeControl "180+2"]
[Date "2023.02.28"]
[WhiteClock "0:00:17"]
[BlackClock "0:00:01"]

1. b3 e5 2. Bb2 Nc6 3. e3 Nf6 4. Bb5 Bd6 5. Na3 e4 6. Nc4 Be7 7. Bxc6 bxc6 8. d3 O-O 9. Ne2 d5 10. Na5 Qd6 11. h3 c5 12. Nf4 c6 13. O-O Re8 14. a3 Qc7 15. Bc3 d4 16. Bd2 dxe3 17. fxe3 exd3 18. cxd3 Nd5 19. Nc4 Nxf4 20. Rxf4 Bg5 21. Rf3 Be6 22. e4 Bf6 23. Rc1 Bd4+ 24. Kh1 Qd7 25. Rg3 f5 26. Qc2 fxe4 27. dxe4 Rf8 28. Bc3 Rf2 29. Qd3 Raf8 30. Bxd4 Qxd4 31. Kh2 Qxd3 32. Rxd3 Re2 33. Ne3 Rf3 34. Rd8+ Kf7 35. Nf5 Bxf5 36. exf5 Rxb3 37. Rd7+ Kf6 38. Rxc5 Rxa3 39. Rxc6+ Kxf5 40. Rxg7 Raa2 41. Rh6 a5 42. Rhxh7 a4 43. Rh6 a3 44. Ra6 Re3 45. h4 Rb2 46. Rg5+ Kf4 47. Ra4+ Re4 48. Rxa3 Rbe2 49. Kh3 1-0


[Site "https://www.chess.com"]

[Event "Titled Tuesday Blitz February 28 Early 2023"]
[White "Tabatabaei, M. Amin"]
[Black "Mamedov, Edgar"]
[WhiteFideId "12521213"]
[BlackFideId "13739980"]
[WhiteElo "2565"]
[BlackElo "2330"]
[Result "1-0"]
[Round "04"]
[TimeControl "180+2"]
[Date "2023.02.28"]
[WhiteClock "0:01:51"]
[BlackClock "0:00:02"]

1. c4 c6 2. b3 d5 3. Nf3 Nf6 4. Bb2 Bg4 5. h3 Bxf3 6. gxf3 Nbd7 7. f4 g6 8. e3 Bg7 9. d4 O-O 10. Nd2 a5 11. a4 c5 12. Bg2 e6 13. O-O Rc8 14. Rc1 b6 15. Qe2 cxd4 16. Bxd4 Nc5 17. Rfd1 Qe7 18. Bxf6 Bxf6 19. cxd5 exd5 20. Bxd5 Ne6 21. Ne4 Bg7 22. Rxc8 Rxc8 23. Bc4 Re8 24. Nd6 Rd8 25. Nb5 Rxd1+ 26. Qxd1 Bf8 27. Qd5 Qc5 28. Qe4 Qf5 29. Qxf5 gxf5 30. Bd3 Nc5 31. Bc2 Kg7 32. Nd4 Kf6 33. Kg2 h6 34. Kg3 Ne4+ 35. Kg2 Nc5 36. Kf3 h5 37. h4 Ne6 38. Nxf5 Nc5 39. Ng3 Kg7 40. Nxh5+ Kh6 41. Ng3 Kg7 42. h5 Kh6 43. Kg4 Kg7 44. Nf5+ Kf6 45. h6 Kg6 46. Nd6+ Kxh6 47. Nxf7+ 1-0


[Site "https://www.chess.com"]

[Event "Titled Tuesday Blitz February 28 Early 2023"]
[White "Djokovic, Nebojsa"]
[Black "Dominguez Perez, Leinier"]
[WhiteFideId "938300"]
[BlackFideId "3503240"]
[WhiteElo "2600"]
[BlackElo "2647"]
[Result "0-1"]
[Round "04"]
[TimeControl "180+2"]
[Date "2023.02.28"]
[WhiteClock "0:00:01"]
[BlackClock "0:01:02"]

1. e4 c5 2. Nf3 d6 3. d4 cxd4 4. Nxd4 Nf6 5. Nc3 a6 6. Be2 e5 7. Nb3 Be6 8. O-O Nbd7 9. f4 Rc8 10. g4 h6 11. g5 hxg5 12. fxg5 Rxc3 13. bxc3 Nxe4 14. Bg4 Qb6+ 15. Kg2 Nxc3 16. Bxe6 Nxd1 17. Bxd7+ Kxd7 18. Rxd1 Qc6+ 19. Kg1 Rh4 20. Be3 Rg4+ 21. Kf1 Qf3+ 22. Bf2 Rg2 23. Rd2 Rxh2 24. Rd3 Rh1# 0-1


[Site "https://www.chess.com"]

[Event "Titled Tuesday Blitz February 28 Early 2023"]
[White "Yilmaz, Mustafa"]
[Black "Martynov, Pavel"]
[WhiteFideId "6302718"]
[BlackFideId "4101260"]
[WhiteElo "2523"]
[BlackElo "2314"]
[Result "0-1"]
[Round "04"]
[TimeControl "180+2"]
[Date "2023.02.28"]
[WhiteClock "0:00:02"]
[BlackClock "0:00:19"]

1. d4 d5 2. c4 e6 3. Nc3 c5 4. cxd5 exd5 5. dxc5 d4 6. Na4 b5 7. cxb6 axb6 8. b3 b5 9. Nb2 Nf6 10. e3 Nc6 11. Nf3 Bb4+ 12. Bd2 Bxd2+ 13. Qxd2 dxe3 14. Qxd8+ Kxd8 15. Bxb5 Nb4 16. Rd1+ Ke7 17. a4 Be6 18. Nc4 exf2+ 19. Kxf2 Ne4+ 20. Ke3 Nc3 21. Rc1 Nxb5 22. axb5 Rhb8 23. Nd4 Ra2 24. Ne5 Nd5+ 25. Kf3 Rb7 26. Rhe1 Nc7 27. Rc5 Kf6 28. Nc4 Bd5+ 29. Ke3 Bxg2 30. Rg1 Nd5+ 31. Kd3 Nf4+ 32. Kc3 Nd5+ 33. Kd3 Nf4+ 34. Kc3 Nd5+ 35. Rxd5 Bxd5 36. Kb4 g6 37. Rf1+ Kg7 38. Kc5 Bg2 39. Re1 h5 40. b6 Rd7 41. Nb5 h4 42. Nbd6 Rc2 43. Ne8+ Kh6 44. Nf6 Rd3 45. Ng4+ Kg5 46. Ne3 Rf2 47. Nxg2 Rxg2 48. b4 Rd7 49. Ne5 Rc2+ 50. Kb5 Rd5+ 51. Ka6 Rb2 52. Nc6 Rd6 0-1


[Site "https://www.chess.com"]

[Event "Titled Tuesday Blitz February 28 Early 2023"]
[White "Matlakov, Maxim"]
[Black "Gabdrakhmanov, Azat"]
[WhiteFideId "4168003"]
[BlackFideId "34189197"]
[WhiteElo "2666"]
[BlackElo "2315"]
[Result "1-0"]
[Round "04"]
[TimeControl "180+2"]
[Date "2023.02.28"]
[WhiteClock "0:02:10"]
[BlackClock "0:00:21"]

1. e4 c5 2. Nf3 e6 3. c3 d5 4. e5 d4 5. d3 Nc6 6. g3 Nge7 7. Bg2 Ng6 8. Qe2 Be7 9. O-O Qc7 10. Re1 Bd7 11. h4 h5 12. Na3 dxc3 13. bxc3 O-O-O 14. Rb1 f6 15. Nb5 Qb8 16. d4 a6 17. Nd6+ Bxd6 18. exd6 Qxd6 19. dxc5 Qxc5 20. Be3 Qa3 21. Nd4 Nge7 22. Rb3 Qd6 23. Reb1 e5 24. Rxb7 Na5 25. R7b6 1-0


[Site "https://www.chess.com"]

[Event "Titled Tuesday Blitz February 28 Early 2023"]
[White "Bruzon Batista, Lazaro"]
[Black "Sai Han Thiha"]
[WhiteFideId "3503739"]
[BlackFideId "13012290"]
[WhiteElo "2709"]
[BlackElo "1954"]
[Result "1-0"]
[Round "04"]
[TimeControl "180+2"]
[Date "2023.02.28"]
[WhiteClock "0:00:35"]
[BlackClock "0:00:02"]

1. Nf3 Nf6 2. g3 d5 3. Bg2 c6 4. d3 Bf5 5. Nh4 Bc8 6. Nd2 e5 7. e4 Bd6 8. O-O g5 9. Nf5 Bxf5 10. exf5 Nbd7 11. c4 d4 12. Re1 O-O 13. Nf3 h6 14. h4 Nh7 15. hxg5 hxg5 16. Nh2 f6 17. Bf3 Kg7 18. Bd2 a5 19. Kg2 Rh8 20. Ng4 Nc5 21. Be4 Nf8 22. Qf3 Nxe4 23. Qxe4 Nd7 24. Rh1 Qe7 25. Rxh8 Rxh8 26. Bxa5 Nc5 27. Qf3 e4 28. dxe4 Qxe4 29. Bb4 Qxf3+ 30. Kxf3 b6 31. Rd1 d3 32. Bxc5 Bxc5 33. Rxd3 Rf8 34. a3 Rf7 35. b4 Bf8 36. Rd8 Ra7 37. Rc8 c5 38. b5 Kf7 39. Rc6 Rxa3+ 40. Ke4 Rc3 41. Rxf6+ Ke7 42. Re6+ Kd8 43. Kd5 Kd7 44. Ne5+ Kc7 45. f6 Rc2 46. Rc6+ Kb7 47. f4 gxf4 48. gxf4 Rd2+ 49. Ke6 Bh6 50. f7 Rd8 51. Nd7 Bf8 52. Rxb6+ Kc7 53. Rc6+ Kb7 54. Nxf8 Rxf8 55. Rxc5 Kb6 56. Rf5 Kb7 57. Ke7 Ra8 58. f8=Q Ra1 59. c5 Re1+ 60. Kf6 Ka7 61. Qe7+ Rxe7 62. Kxe7 Kb7 63. Kd6 Ka7 64. Rf7+ Kb8 65. c6 Ka8 66. b6 Kb8 67. Rf8# 1-0


[Site "https://www.chess.com"]

[Event "Titled Tuesday Blitz February 28 Early 2023"]
[White "Chigaev, Maksim"]
[Black "Gunduz, Umut Erdem"]
[WhiteFideId "4108116"]
[BlackFideId "6381383"]
[WhiteElo "2547"]
[BlackElo "2182"]
[Result "0-1"]
[Round "04"]
[TimeControl "180+2"]
[Date "2023.02.28"]
[WhiteClock "0:00:01"]
[BlackClock "0:00:08"]

1. Nf3 d5 2. c4 d4 3. b4 g5 4. Qa4+ Nd7 5. Nxd4 Bg7 6. Bb2 Nh6 7. Qc2 O-O 8. Nf3 e5 9. d3 g4 10. Nfd2 b6 11. h3 g3 12. Ne4 gxf2+ 13. Nxf2 Bb7 14. e4 f5 15. Nc3 fxe4 16. Nfxe4 Nf5 17. O-O-O Ne3 18. Qe2 Nxd1 19. Qxd1 a5 20. b5 Nf6 21. Be2 Nxe4 22. dxe4 Qxd1+ 23. Rxd1 Rad8 24. Nd5 Bxd5 25. cxd5 Rf2 26. Bf3 a4 27. Kb1 a3 28. Bxa3 Ra8 29. Rd3 Bf8 30. Bxf8 Kxf8 31. a3 Ke7 32. Rc3 Kd8 33. Kc1 Ra5 34. Rb3 Ra2 35. Kb1 R5xa3 36. Rb4 Ra4 37. Rb3 R4a3 38. Rb2 Rxb2+ 39. Kxb2 Ra5 40. Be2 Ke7 41. Kb3 Kd6 42. Kb4 Ra2 43. Bf3 Rb2+ 44. Kc4 h6 45. h4 Rb1 46. h5 Rb2 0-1


[Site "https://www.chess.com"]

[Event "Titled Tuesday Blitz February 28 Early 2023"]
[White "Timofeev, Artyom"]
[Black "Sukandar, Irine Kharisma"]
[WhiteFideId "4140419"]
[BlackFideId "7101937"]
[WhiteElo "2586"]
[BlackElo "2301"]
[Result "1-0"]
[Round "04"]
[TimeControl "180+2"]
[Date "2023.02.28"]
[WhiteClock "0:00:36"]
[BlackClock "0:00:03"]

1. c4 e5 2. Nc3 Nf6 3. d3 d5 4. cxd5 Nxd5 5. Nf3 Nc6 6. e3 Be7 7. Be2 O-O 8. O-O Be6 9. a3 a5 10. Qc2 Kh8 11. Na4 f5 12. b3 Qe8 13. Bb2 Bd6 14. Nc5 Bc8 15. Rac1 Qg6 16. Kh1 b6 17. Na4 Bb7 18. Rfd1 Rae8 19. Bf1 Nf6 20. d4 Qh5 21. dxe5 Nxe5 22. Nxe5 Ng4 23. Nxg4 fxg4 24. Rxd6 cxd6 25. Kg1 Be4 26. Qd2 Re6 27. Rc7 Rg8 28. Qd4 Rh6 29. h3 Qe5 30. Qxe5 dxe5 31. hxg4 Bd5 32. Bc4 Bxc4 33. bxc4 Rg6 34. Bxe5 Rxg4 35. Nxb6 h5 36. c5 h4 37. Kh2 Rf8 38. f4 Rg6 39. Nd5 Rd8 40. Ne7 1-0


[Site "https://www.chess.com"]

[Event "Titled Tuesday Blitz February 28 Early 2023"]
[White "Sielecki, Christof"]
[Black "Zhigalko, Sergei"]
[WhiteFideId "4620437"]
[BlackFideId "13502956"]
[WhiteElo "2443"]
[BlackElo "2626"]
[Result "1/2-1/2"]
[Round "04"]
[TimeControl "180+2"]
[Date "2023.02.28"]
[WhiteClock "0:00:19"]
[BlackClock "0:00:02"]

1. e4 c5 2. Nf3 Nc6 3. Bb5 Nf6 4. Bxc6 dxc6 5. d3 Bg4 6. h3 Bh5 7. g4 Bg6 8. Qe2 c4 9. Nc3 cxd3 10. cxd3 e6 11. Ne5 Nd7 12. Nxg6 hxg6 13. d4 Be7 14. Be3 Qa5 15. O-O-O Bb4 16. Qc2 Bxc3 17. bxc3 Nb6 18. Kb1 Nc4 19. Ka1 b5 20. Bc1 Qc7 21. h4 O-O-O 22. h5 gxh5 23. gxh5 Rh7 24. d5 Rhh8 25. dxe6 fxe6 26. Rxd8+ Rxd8 27. Rd1 Rxd1 28. Qxd1 Qe5 29. Qd4 Qxh5 30. Qxa7 Qd1 31. Qa8+ Kc7 32. Qa7+ Kd8 33. Qd4+ Qxd4 34. cxd4 g6 35. Kb1 Kc7 36. Kc2 Kb6 37. Kc3 c5 38. a4 cxd4+ 39. Kxd4 Kc6 40. axb5+ Kxb5 41. f4 Kb4 42. f5 gxf5 43. exf5 exf5 44. Kd5 Kc3 45. Ke6 Kd3 46. Kxf5 1/2-1/2


[Site "https://www.chess.com"]

[Event "Titled Tuesday Blitz February 28 Early 2023"]
[White "Perez Ponsa, Federico"]
[Black "Berezin, Viktor"]
[WhiteFideId "117927"]
[BlackFideId "14107872"]
[WhiteElo "2592"]
[BlackElo "2310"]
[Result "1-0"]
[Round "04"]
[TimeControl "180+2"]
[Date "2023.02.28"]
[WhiteClock "0:00:26"]
[BlackClock "0:00:22"]

1. d4 Nf6 2. c4 g6 3. g3 Bg7 4. Bg2 O-O 5. Nc3 d6 6. Nf3 Nc6 7. O-O a6 8. d5 Na5 9. b3 c5 10. Bg5 h6 11. Bd2 Rb8 12. Qe1 b5 13. Nd1 Nb7 14. Rc1 e5 15. e4 Ne8 16. Nh4 Kh7 17. f4 f5 18. exf5 gxf5 19. Ne3 e4 20. Nexf5 Nf6 21. Nxg7 Kxg7 22. Bc3 Bg4 23. Qxe4 Bh5 24. Qf5 Be8 25. Be4 Kg8 26. Bxf6 Qd7 27. Qxd7 Bxd7 28. Bc3 a5 29. Rfe1 a4 30. Ng6 Rfe8 31. Bd3 axb3 32. axb3 b4 33. Bb2 Na5 34. Bc2 Kf7 35. Nh4 Bg4 36. Bg6+ Kf8 37. Bxe8 Rxe8 38. Ng6+ Kf7 39. Nh8+ Kf8 40. Bg7+ Kxg7 41. Rxe8 Nxb3 42. Rce1 Nd4 43. R1e7+ Kf6 44. Rf7# 1-0


[Site "https://www.chess.com"]

[Event "Titled Tuesday Blitz February 28 Early 2023"]
[White "Lamaze, Simon"]
[Black "Boros, Denes"]
[WhiteFideId "36069264"]
[BlackFideId "722340"]
[WhiteElo "2272"]
[BlackElo "2464"]
[Result "0-1"]
[Round "04"]
[TimeControl "180+2"]
[Date "2023.02.28"]
[WhiteClock "0:00:08"]
[BlackClock "0:00:09"]

1. e4 g6 2. d4 d5 3. exd5 Qxd5 4. Nc3 Qd6 5. Nf3 Bg7 6. Bg5 Bg4 7. Nb5 Qb6 8. Bf4 Na6 9. h3 Bd7 10. a4 Nf6 11. Bc4 c6 12. a5 Qd8 13. Nc3 Nb4 14. O-O Bf5 15. Ne5 O-O 16. Bb3 Nfd5 17. Bh2 Nxc3 18. bxc3 Nd5 19. Qd2 Be6 20. a6 b5 21. Nxc6 Qd7 22. Ne5 Qc8 23. c4 bxc4 24. Nxc4 Rd8 25. Ne5 Nb6 26. Qe3 Bxb3 27. cxb3 Qe6 28. Rfc1 h5 29. Bg3 Bf6 30. Nc6 Rd5 31. Qxe6 fxe6 32. Bb8 Rd7 33. Be5 Kf7 34. b4 g5 35. Ra5 Nd5 36. b5 g4 37. Ra3 Rg8 38. hxg4 hxg4 39. Rg3 Bh4 40. Rb3 Bg5 41. Rc2 Bf6 42. Kf1 Nb6 43. Ke2 Nd5 44. g3 Rc8 45. f4 gxf3+ 46. Rxf3 Kg6 47. Kd3 Rh8 48. Rcf2 Rh1 49. g4 Rb1 50. Kc4 Nb6+ 51. Kc3 Rxb5 52. Bxf6 exf6 53. Rxf6+ Kg5 54. Rxe6 Rb1 55. Rf5+ Kxg4 56. Rc5 Na4+ 57. Kc4 Nxc5 58. dxc5 Rc1+ 59. Kb5 Rd5 60. Re4+ Kf5 61. Rc4 Rb1+ 62. Nb4 Ke6 63. Re4+ Re5 64. Rh4 Kf5 65. Rh5+ Kf4 66. Rxe5 Kxe5 67. Kc4 Ke6 68. Nc6 Rc1+ 69. Kb5 Kd5 70. Nb4+ Ke6 71. Kc6 Rc4 72. Nd5 Ra4 73. Nc7+ Ke7 74. Kb7 Kd7 75. Nb5 Rc4 76. c6+ Rxc6 77. Nxa7 Rc5 78. Kb6 Rg5 79. Nb5 Rg6+ 80. Kb7 Rg5 81. Kb6 Kc8 82. a7 Rg6+ 83. Kc5 Kb7 84. Kb4 Rb6 85. Kc5 Rc6+ 86. Kb4 Ra6 87. Kc5 Ra5 88. Kb4 Ra1 89. Kc5 Rb1 90. Kc4 Rb2 91. Kc5 Rc2+ 92. Kb4 Re2 93. Kc4 Re6 94. Kc5 Ra6 95. Kc4 Kb6 96. Kb4 Ra5 97. Nd6 Ra1 98. Nb5 Ra2 99. Kc4 Ra4+ 100. Kb3 Kxb5 0-1


[Site "https://www.chess.com"]